 Dungeon Crawl Stone Soup version 0.28-a0-906-g0406aca7d3 (webtiles) character file.

Game seed: 15517943162228320860

371 bande the Covered (level 6, -8/38 HPs)
             Began as a Gargoyle Fighter on Nov 24, 2021.
             Mangled by an ogre (16 damage)
             ... on level 4 of the Dungeon.
             The game lasted 00:04:42 (3697 turns).

bande the Covered (Gargoyle Fighter)                Turns: 3697, Time: 00:04:43

Health: -8/38      AC: 12    Str: 20    XL:     6   Next: 70%
Magic:  6/6        EV:  9    Int:  9    God:
Gold:   267        SH:  4    Dex: 10    Spells: 5/5 levels left

rFire   . . .      SeeInvis .   a - +1 war axe
rCold   . . .      Faith    .   c - +0 buckler
rNeg    + . .      Spirit   .   b - +0 scale mail
rPois   ∞          Reflect  .   (no helmet)
rElec   +          Harm     .   (no cloak)
rCorr   .          Rampage  .   (no gloves)
Will    .....                   n - +0 pair of boots
Stlth   ..........              (no amulet)
HPRegen 0.12/turn               (no ring)
MPRegen 0.10/turn               (no ring)

@: no status effects
A: sickness immunity, AC +4, negative energy resistance 1, electricity
resistance, torment resistance 1, petrification resistance
a: no special abilities


You were on level 4 of the Dungeon.
You visited 1 branch of the dungeon, and saw 4 of its levels.

You collected 267 gold pieces.

Inventory:

Hand Weapons
 a - a +1 war axe (weapon)
Armour
 b - a +0 scale mail (worn)
 c - a +0 buckler (worn)
 n - a +0 pair of boots (worn)
Jewellery
 m - a ring of see invisible
Scrolls
 e - a scroll of teleportation
 i - a scroll of blinking
 k - 2 scrolls of summoning
 l - a scroll of identify
Potions
 d - a potion of might
 f - 2 potions of flight
 g - a potion of degeneration {unknown}
 h - a potion of curing {unknown}
 j - a potion of brilliance {unknown}


   Skills:
 + Level 4.2 Fighting
 + Level 4.4 Axes
 + Level 4.7 Armour
 + Level 4.2 Shields
 + Level 0.5 Unarmed Combat


You had 5 spell levels left.
You didn't know any spells.
Your spell library was empty.

Dungeon Overview and Level Annotations

Branches:
Dungeon (4/15)
 Temple: D:4-7

Altars:
Elyvilon
Sif Muna

Shops:
D:1 !


Innate Abilities, Weirdness & Mutations

You are immune to sickness and miasma.
Your stone body is resilient. (AC +4)
You are immune to poison.
You resist negative energy. (rN+)
You are resistant to electric shocks. (rElec)
You are resistant to unholy torment.
You are immune to petrification.


Message History

You now have 267 gold pieces (gained 13).
Found a stone staircase leading down.
Found a pair of boots.
m - a ring of see invisible No target in view!
You see here a +0 pair of boots.
n - a +0 pair of boots You start putting on your armour.
You continue putting on your +0 pair of boots. x4
You finish putting on your +0 pair of boots.
An ogre comes into view. It is wielding a +0 giant spiked club.
The ogre shouts!
An ogre is nearby!
The ogre hits you with a +0 giant spiked club!
You hit the ogre.
The ogre is lightly wounded.
The ogre hits you with a +0 giant spiked club!
You are too injured to fight recklessly!
You are too injured to fight recklessly!
You are too injured to fight recklessly!
You are too injured to fight recklessly!
You are too injured to fight recklessly!
You are too injured to fight recklessly!
You slash the ogre!
The ogre is heavily wounded.
The ogre barely misses you.
You slash the ogre!
The ogre is severely wounded.
You block the ogre's attack.
You hit the ogre but do no damage.
The ogre is severely wounded.
You block the ogre's attack.
You completely miss the ogre.
The ogre is severely wounded.
The ogre hits you with a +0 giant spiked club!
* * * LOW HITPOINT WARNING * * *
You closely miss the ogre.
The ogre is severely wounded.
The ogre hits you with a +0 giant spiked club!
You die...

...###
###..####....##
.....####...##
###...##
......##...##
#....#
###.......##
##...#
##.....##
#...## ##...##
##..## ##...##
##..## #.....#
##..## ##.....#
#@.##
##..###<.#
#O.## ##..##
#...##..##
#..## #.....#
..## ..... .##
#.... ## #....
# #.... ##


You could see an ogre.

Vanquished Creatures
  2 scorpions (D:4)
  A bullfrog skeleton (D:3)
  Natasha (thrice) (D:4)
  3 gnolls (D:3)
  6 adders
  A worm (D:2)
  2 dart slugs (D:2)
  2 orcs (D:3)
  6 ball pythons
  3 bats
  2 endoplasms
  3 giant cockroaches (D:1)
  5 goblins
  11 hobgoblins
  3 jackals (D:4)
  2 kobolds
  3 quokkas
  3 frilled lizards (D:2)
  4 rats
65 creatures vanquished.

Notes
Turn   | Place    | Note
-------+----------+-------------------------------------------
     0 | D:1      | bande the Gargoyle Fighter began the quest for the Orb.
     0 | D:1      | Reached XP level 1. HP: 14/14 MP: 1/1
   172 | D:1      | Found Ostrazex's Distillery.
   253 | D:1      | Reached XP level 2. HP: 16/19 MP: 2/2
   305 | D:1      | Found a faded altar of an unknown god.
  1032 | D:2      | Reached XP level 3. HP: 23/23 MP: 3/3
  1414 | D:2      | Reached XP level 4. HP: 27/28 MP: 4/4
  1778 | D:2      | Found a white marble altar of Elyvilon.
  1779 | D:2      | You fall into a shaft and drop 1 floor!
  2034 | D:3      | Found a shimmering blue altar of Sif Muna.
  2264 | D:3      | Reached XP level 5. HP: 26/33 MP: 5/5
  2697 | D:4      | Noticed Natasha
  2705 | D:4      | Killed Natasha
  3040 | D:4      | Noticed Natasha
  3052 | D:4      | Killed Natasha
  3053 | D:4      | Reached XP level 6. HP: 18/38 MP: 6/6
  3110 | D:4      | Noticed Natasha
  3118 | D:4      | Killed Natasha
  3697 | D:4      | Mangled by an ogre

Illustrated notes

Levels and vault maps discovered:
D:1:      dpeg_arrival_arbitrary_a, layout_basic, serial_shops, shop,
          dreamdust_ecumenical_altar_statues, grunt_decor_resistance
D:2:      layout_loops_ring, basic_altar
D:3:      layout_basic, nicolae_sif_muna_condensation,
          nicolae_figureground_pulse
D:4:      layout_layer_cave, uniq_natasha

Skill      XL: |  1  2  3  4  5  6 |
---------------+-------------------+-----
Axes           | 2 3 4 |  4.4
Armour         | 4 |  4.7
Fighting       | 4 |  4.2
Shields        | 4 |  4.2
Unarmed Combat | |  0.5

Action                   |  1- 3 |  4- 6 || total
-------------------------+-------+-------++-------
Melee: War axe           |   109 |   128 ||   237
       Unarmed           |       |    13 ||    13
  Use: Scroll            |     5 |     3 ||     8
Armor: Scale mail        |    69 |    66 ||   135
Dodge: Dodged            |    51 |    53 ||   104
Block: Buckler           |    23 |    37 ||    60

Table legend: (Time is in decaauts)
 A = Elapsed time spent in this place.
 B = Non-inter-level travel time spent in this place.
 C = Inter-level travel time spent in this place.
 D = Time resting spent in this place.
 E = Time spent auto-exploring this place.
 F = Levels seen in this place.
 G = Mean time per level.
                   A        B        C        D        E       F      G
               +--------+--------+--------+--------+--------+-----+--------+
         Total |   3790 |   3755 |     35 |    267 |   2760 |   4 |  947.5 |
       Dungeon |   3790 |   3755 |     35 |    267 |   2760 |   4 |  947.5 |
               +--------+--------+--------+--------+--------+-----+--------+

Top non-repeatable levels by time:
     D:4: 1047 daAuts
     D:1: 1047 daAuts
     D:2: 931 daAuts
     D:3: 764 daAuts
